 Dungeon Crawl Stone Soup version 0.21.1-1-g345015fe64 (webtiles) character file.

9268 Jannitor the Archer (level 11, -4/64 HPs)
             Began as a Deep Elf Arcane Marksman on June 8, 2018.
             Was an Elder of Okawaru.
             Slain by an ice devil (12 damage)
             ... on level 1 of the Lair of Beasts.
             The game lasted 00:28:28 (12881 turns).

Jannitor the Archer (Deep Elf Arcane Marksman)     Turns: 12881, Time: 00:28:29

Health: -4/64      AC:  5    Str: 12    XL:     11   Next: 20%
Magic:  13/18      EV: 18    Int: 19    God:    Okawaru [****..]
Gold:   245        SH:  0    Dex: 15    Spells: 7/17 levels left

rFire    . . .     SeeInvis .   b - +0 dagger (venom)
rCold    . . .     Gourm    .   (no shield)
rNeg     . . .     Faith    .   e - +0 robe
rPois    .         Spirit   .   (no helmet)
rElec    .         Reflect  .   i - +1 cloak
rCorr    .         Harm     .   J - +0 pair of gloves
MR       +....     Clarity  +   (no boots)
Stlth    ++++......             D - amulet of regeneration
HPRegen  0.60/turn              h - +2 ring of strength
MPRegen  0.16/turn              (no ring)

@: about to teleport, berserk cooldown, slowed, very slow
A: clarity, wild magic 1
a: Heroism, Renounce Religion


You were on level 1 of the Lair of Beasts.
You worshipped Okawaru.
Okawaru was greatly pleased with you.
You were hungry.

You visited 3 branches of the dungeon, and saw 12 of its levels.
You visited the Abyss 1 time.
You also visited: Ice Cave.

You collected 678 gold pieces.
You spent 433 gold pieces at shops.

Inventory:

Hand Weapons
 a - the +10 shortbow of Acucw {freeze, MR- Str+3 Int+4}
   (You bought it in a shop on level 7 of the Dungeon)

   It causes projectiles fired from it to freeze those they strike, causing
   extra injury to most foes and up to half again as much damage against
   particularly susceptible opponents.
   They can also slow down cold-blooded creatures.
   It affects your strength (+3).
   It affects your intelligence (+4).
   It affects your resistance to hostile enchantments.
 b - a +0 dagger of venom (weapon)
 I - a +9 shortbow
 M - the +2 long sword of Wounding {vamp, +Blink rElec Str+3, unknown}
   (You found it on level 10 of the Dungeon)

   It inflicts no extra harm, but heals its wielder when it wounds a living foe.
   It affects your strength (+3).
   It insulates you from electricity.
   It lets you blink.
Missiles
 d - 164 arrows
Armour
 e - a +0 robe (worn)
 i - a +1 cloak (worn)
 J - a +0 pair of gloves (worn)
Jewellery
 h - a +2 ring of strength (left hand)
 t - an uncursed ring of ice
 D - an amulet of regeneration (around neck)
 L - an uncursed ring of protection from cold {unknown}
Wands
 l - a wand of enslavement (8)
 o - a wand of paralysis (11)
 p - a wand of iceblast (5)
 q - a wand of polymorph (7)
 y - a wand of disintegration (18)
 z - a wand of random effects (16)
 C - a wand of acid (13)
 E - a wand of flame (42)
Scrolls
 j - 8 scrolls of remove curse
 s - a scroll of fog
 B - 2 scrolls of amnesia
 G - a scroll of enchant weapon
 H - 3 scrolls of fear
Potions
 g - a potion of flight
 u - a potion of mutation
 v - 2 potions of haste
 w - 2 potions of lignification
 x - 2 potions of might
 A - 3 potions of berserk rage
 F - a potion of brilliance
 K - a potion of cancellation
Books
 c - a book of Debilitation

   Spells                             Type                      Level
   a - Corona                         Hexes                        1
   b - Slow                           Hexes                        2
   c - Inner Flame                    Hexes/Fire                   3
   d - Portal Projectile              Hexes/Translocation          3
   e - Cause Fear                     Hexes                        4
   f - Leda's Liquefaction            Hexes/Earth                  4
Comestibles
 f - 26 rations
 k - 4 chunks of flesh


   Skills:
 + Level 5.2 Fighting
 - Level 4.7 Short Blades
 + Level 10.2 Bows
 + Level 8.4 Dodging
 - Level 9.2 Stealth
 - Level 3.8 Spellcasting
 - Level 8.0 Hexes
 + Level 4.1 Invocations
 + Level 4.1 Evocations


You had 7 spell levels left.
You knew the following spells:

 Your Spells              Type           Power        Failure   Level  Hunger
a - Corona                Hex            #####..      1%          1    None
b - Slow                  Hex            #####...     1%          2    ##.....
c - Cause Fear            Hex            #####.....   8%          4    ####...
d - Portal Projectile     Hex/Tloc       ###...       12%         3    ###....


Dungeon Overview and Level Annotations

Branches:
Dungeon (10/15)            Temple (1/1) D:6            Lair (1/6) D:9
    Orc: D:9-12

Altars:
Ashenzari
Dithmenos
Elyvilon
Fedhas
Gozag
Hepliaklqana
Kikubaaqudgha
Makhleb
Nemelex Xobeh
Okawaru
Qazlal
Trog
Uskayaw
Wu Jian
Xom
Yredelemnul
Zin
The Shining One
Jiyva

Shops:
D:5 *:(   D:7 *(?(*

Annotations:
D:2 1 runed door
D:5 Dowan
D:9 Erolcha
D:10 2 transporters


Innate Abilities, Weirdness & Mutations

You possess an exceptional clarity of mind.
Your spells are a little harder to cast, but a little more powerful.


Message History

* * * LOW HITPOINT WARNING * * *
The ice devil freezes you!
* * * LOW HITPOINT WARNING * * *
Unknown command.
You hit the ice devil but do no damage.
The ice devil is severely wounded.
You hit the ice devil but do no damage.
The ice devil is severely wounded.
You feel a strong urge to attack something.
There is an ice covered gate leading back out of this place here.
Welcome back to the Lair of Beasts!
You feel your anger nearly subside.
You are no longer berserk.
You are exhausted.
You feel yourself slow down.
There is a collapsed entrance here.
Unknown command.
Unknown command.
As you read the scroll of teleportation, it crumbles to dust.
You feel strangely unstable. The ice devil hits you!
You die...

...#....##..##.##....#..........
...#...........##....#........#
...#.....#....................#
........##.##.#..≈............#
....P...##.##.....#≈.#........#
...............#..≈#≈###.##..##
.P............≈#...≈#...........
..............≈#.....≈..........#
..............≈#@4..............#
..............≈#####............#
..............≈≈≈≈≈†...........?#
##.#............................
...#......#####........P####..#.
...+#..#.#######.....#.### ..#
....#...# #...##...#.#...#.
....'.8.###...#####....>....
...###...# ....##........#...


You could see an ice devil.

Vanquished Creatures
  A two-headed ogre (D:10)
  2 black mambas (Lair:1)
  A spiny frog (Lair:1)
  2 rime drakes (Lair:1)
  2 ice devils (IceCv)
  A komodo dragon (Lair:1)
  Grinder (D:3)
  2 hippogriffs
  Sigmund (D:6)
  A wyvern (D:8)
  6 yaks
  A hungry ghost (D:10)
  A water moccasin (D:4)
  2 porcupines (Lair:1)
  3 ice beasts
  An orc warrior (D:6)
  4 sky beasts
  6 ogres
  A necrophage (D:8)
  A phantom (D:7)
  2 centaurs
  3 crocodiles
  A big kobold (D:7)
  A gnoll sergeant (D:10)
  4 bullfrogs
  A wyvern skeleton (D:10)
  2 scorpions
  9 wights (D:10)
  5 howler monkeys
  A crimson imp (D:7)
  2 bullfrog zombies
  A centaur zombie (D:6)
  3 hounds
  3 jellies
  A centaur skeleton (D:4)
  A quasit (D:8)
  A bullfrog skeleton (D:10)
  3 orc priests
  An iguana (D:7)
  Natasha (thrice) (D:2)
  7 worker ants
  7 orc wizards
  A hound zombie (D:7)
  A hound skeleton (D:7)
  A howler monkey zombie (D:6)
  11 gnolls
  10 adders
  5 shadow imps
  An ooze (D:2)
  An adder skeleton (D:4)
  3 worms
  A dart slug (D:2)
  6 leopard geckos
  29 orcs
  5 bats
  5 giant cockroaches
  5 goblins
  4 hobgoblins
  12 jackals
  11 kobolds
  9 quokkas
  3 frilled lizards
  A jackal skeleton (D:7)
  A quokka skeleton (D:5)
  A quokka zombie (D:5)
  4 rats
233 creatures vanquished.

Vanquished Creatures (others)
  A basilisk (D:9)
  A fungus (Lair:1)
  10 starspawn tentacles (Abyss:1)
12 creatures vanquished.

Grand Total: 245 creatures vanquished

Notes
Turn   | Place    | Note
-------+----------+-------------------------------------------
     0 | D:1      | Jannitor the Deep Elf Arcane Marksman began the quest for the Orb.
     0 | D:1      | Reached XP level 1. HP: 11/11 MP: 5/5
  1020 | D:2      | Reached XP level 2. HP: 15/16 MP: 4/6
  1075 | D:2      | Reached skill level 3 in Bows
  1123 | D:2      | Reached XP level 3. HP: 14/20 MP: 4/7
  1167 | D:2      | Learned a level 2 spell: Slow
  1378 | D:2      | Noticed Natasha
  1493 | D:2      | Killed Natasha
  1493 | D:2      | Reached XP level 4. HP: 21/24 MP: 4/8
  1617 | D:2      | Noticed Natasha
  1639 | D:2      | Killed Natasha
  1639 | D:2      | Reached skill level 4 in Bows
  1763 | D:2      | Noticed Natasha
  1772 | D:2      | Killed Natasha
  1772 | D:2      | Reached skill level 5 in Hexes
  1897 | D:2      | Found a runed door.
  2101 | D:3      | Reached XP level 5. HP: 28/28 MP: 7/9
  2158 | D:3      | Found a stormy altar of Qazlal.
  2159 | D:3      | Noticed an air elemental
  2159 | D:3      | Noticed a water elemental
  2159 | D:3      | Noticed a fire elemental
  2377 | D:3      | Noticed Grinder
  2392 | D:3      | Paralysed by Grinder for 4 turns
  2403 | D:3      | Paralysed by Grinder for 4 turns
  2410 | D:3      | Killed Grinder
  2410 | D:3      | Reached skill level 1 in Fighting
  2410 | D:3      | Reached skill level 1 in Short Blades
  2410 | D:3      | Reached skill level 5 in Bows
  2410 | D:3      | Reached XP level 6. HP: 30/34 MP: 8/10
  2581 | D:3      | Found a white marble altar of Elyvilon.
  2581 | D:3      | Found a basalt altar of Yredelemnul.
  2582 | D:3      | Found a burning altar of Makhleb.
  3360 | D:4      | Noticed a water moccasin
  3376 | D:4      | Killed a water moccasin
  3382 | D:4      | Reached XP level 7. HP: 20/39 MP: 7/11
  4201 | D:4      | Reached skill level 6 in Bows
  4468 | D:4      | Reached skill level 5 in Dodging
  5285 | D:5      | Entered Level 5 of the Dungeon
  5485 | D:5      | Found a glowing silver altar of Zin.
  5502 | D:5      | Found Iriuts's Book Shoppe.
  5667 | D:5      | Found Humun's Antique Weapon Shoppe.
  5757 | D:5      | Reached XP level 8. HP: 41/45 MP: 12/12
  5866 | D:5      | Noticed Dowan
  6079 | D:5      | Found Timpav's General Store.
  6098 | D:5      | Bought a potion of berserk rage for 70 gold pieces
  6243 | D:5      | Found a shadowy altar of Dithmenos.
  6776 | D:6      | Reached skill level 7 in Bows
  6952 | D:6      | Found a staircase to the Ecumenical Temple.
  6958 | D:6      | Noticed Sigmund
  6964 | Temple   | Entered the Ecumenical Temple
  7097 | D:6      | Killed Sigmund
  7510 | D:6      | Learned a level 4 spell: Cause Fear
  7514 | D:6      | Learned a level 3 spell: Portal Projectile
  7761 | D:6      | Found a bloodstained altar of Trog.
  7764 | D:6      | Found an iron altar of Okawaru.
  7774 | D:6      | Became a worshipper of Warmaster Okawaru
  8008 | D:7      | Found a hazy altar of Hepliaklqana.
  8009 | D:7      | Found a shimmering altar of Xom.
  8010 | D:7      | Noticed a spectral ugly thing
  8166 | D:7      | Reached skill level 8 in Bows
  8383 | D:7      | Found Iphutih's Magic Scroll Boutique.
  8386 | D:7      | Bought a scroll of enchant weapon for 105 gold pieces
  8386 | D:7      | Bought a scroll of teleportation for 42 gold pieces
  8394 | D:7      | Noticed a hippogriff
  8417 | D:7      | Killed a hippogriff
  8417 | D:7      | Reached XP level 9. HP: 46/51 MP: 11/13
  8622 | D:7      | Reached * piety under Okawaru
  8728 | D:7      | Found Dejyxo's General Store.
  8878 | D:7      | Found Bizythil's Antique Weapon Emporium.
  8966 | D:7      | Found Epreethoshro's Assorted Antiques.
  9030 | D:7      | Gained mutation: You possess an exceptional clarity of mind. [potion of mutation]
  9030 | D:7      | Gained mutation: Your spells are a little harder to cast, but a little more powerful. [potion of mutation]
  9066 | D:7      | Found Cugaumil's Antique Weapon Shop.
  9413 | D:8      | Reached skill level 1 in Evocations
  9430 | D:8      | Reached skill level 9 in Bows
  9435 | D:8      | Reached skill level 1 in Invocations
  9468 | D:8      | Reached ** piety under Okawaru
  9959 | D:8      | Found a shattered altar of Ashenzari.
  9959 | D:8      | Found a hide-covered altar of Uskayaw.
  9964 | D:8      | Found an ancient bone altar of Kikubaaqudgha.
  9967 | D:8      | Found a faded altar of an unknown god.
 10024 | D:8      | Found a faded altar of an unknown god.
 10493 | D:9      | Reached XP level 10. HP: 56/58 MP: 13/17
 10569 | D:9      | Noticed Erolcha
 10639 | D:9      | Found a staircase to the Lair.
 11007 | D:9      | Reached *** piety under Okawaru
 11157 | D:7      | Bought a blackened shortbow for 216 gold pieces
 11157 | D:7      | Identified the +10 shortbow of Acucw {freeze, MR- Str+3 Int+4} (You bought it in a shop on level 7 of the Dungeon)
 11417 | D:9      | Cast into level 1 of the Abyss (Erolcha)
 11420 | Abyss:1  | Noticed a wretched star
 11464 | Abyss:1  | Noticed a tentacled starspawn
 11470 | Abyss:1  | Noticed a tentacled starspawn
 11549 | Abyss:1  | Noticed a wretched star
 11587 | D:9      | Escaped the Abyss
 11648 | D:10     | Entered Level 10 of the Dungeon
 11663 | D:10     | Reached skill level 1 in Stealth
 11796 | D:10     | Got a scorched long sword
 11947 | D:10     | Noticed a two-headed ogre
 11993 | D:10     | Killed a two-headed ogre
 12078 | D:10     | Noticed an orc sorcerer
 12141 | D:10     | Found a transporter.
 12146 | D:10     | Noticed an orc high priest
 12150 | D:10     | Noticed a fire crab
 12161 | D:10     | Found a transporter.
 12251 | D:10     | Found an ancient bone altar of Kikubaaqudgha.
 12251 | D:10     | Found a shimmering altar of Xom.
 12252 | D:10     | Noticed a necromancer
 12253 | D:10     | Noticed an ogre mage
 12279 | D:10     | Paralysed by an ogre mage for 2 turns
 12384 | Lair:1   | Entered Level 1 of the Lair of Beasts
 12433 | Lair:1   | Reached **** piety under Okawaru
 12433 | Lair:1   | Received a gift from Okawaru
 12580 | Lair:1   | Noticed a black mamba
 12588 | Lair:1   | Killed a black mamba
 12588 | Lair:1   | Reached skill level 10 in Bows
 12589 | Lair:1   | Noticed a black mamba
 12590 | Lair:1   | Noticed a spiny frog
 12603 | Lair:1   | Killed a black mamba
 12603 | Lair:1   | Reached XP level 11. HP: 28/62 MP: 13/18
 12632 | Lair:1   | Reached skill level 5 in Fighting
 12717 | Lair:1   | Found a frozen archway.
 12740 | Lair:1   | Received a gift from Okawaru
 12740 | Lair:1   | Reached ***** piety under Okawaru
 12815 | IceCv    | Entered an ice cave
 12881 | Lair:1   | Slain by an ice devil

Skill      XL: |  1  2  3  4  5  6  7  8  9 10 11 |
---------------+----------------------------------+-----
Bows           | 3 4 5 6 8 9 10 | 10.2
Dodging        | 3 4 5 6 7 8 |  8.4
Hexes          | 5 6 7 8 |  8.0
Fighting       | 1 2 3 4 5 |  5.2
Short Blades   | 1 2 3 4 |  4.7
Spellcasting   | 3 |  3.8
Evocations     | 2 3 4 |  4.1
Invocations    | 2 3 4 |  4.1
Stealth        | 9 |  9.2

Action                   |  1- 3 |  4- 6 |  7- 9 | 10-12 || total
-------------------------+-------+-------+-------+-------++-------
Melee: Unarmed           |       |     8 |       |       ||     8
       Dagger            |       |    57 |   222 |     3 ||   282
 Fire: Shortbow          |    57 |    61 |   365 |   250 ||   733
 Cast: Corona            |    18 |    18 |    21 |       ||    57
       Slow              |     2 |     6 |    22 |    13 ||    43
       Cause Fear        |       |       |     3 |     3 ||     6
Invok: Heroism           |       |       |       |     2 ||     2
Evoke: Wand              |       |       |       |     7 ||     7
  Use: Potion            |     3 |     2 |     4 |    11 ||    20
       Scroll            |       |     7 |    15 |     7 ||    29
 Stab: Sleeping          |       |       |     1 |       ||     1
  Eat: Chunk             |     1 |     6 |    22 |     2 ||    31
       Ration            |       |     1 |       |     2 ||     3
Armor: Robe              |     4 |    20 |    40 |     5 ||    69
       Skin              |       |     1 |       |       ||     1
Dodge: Dodged            |    22 |    61 |   264 |    43 ||   390
